 Dungeon Crawl Stone Soup version 0.22-a0-348-gd16d139 (webtiles) character file.

2 Amnesiac the Shield-Bearer (level 1, 0/13 HPs)
             Began as a Deep Elf Fighter on Apr 11, 2018.
             Slain by a leopard gecko (3 damage)
             ... on level 1 of the Dungeon.
             The game lasted 00:00:17 (88 turns).

Amnesiac the Shield-Bearer (Deep Elf Fighter)         Turns: 88, Time: 00:00:17

Health: 0/13       AC:  6    Str: 13    XL:     1   Next: 33%
Magic:  3/3        EV:  6    Int: 12    God:
Gold:   0          SH:  8    Dex: 14    Spells: 0/0 levels left

rFire    . . .     SeeInvis .   a - +0 long sword
rCold    . . .     Gourm    .   c - +0 shield
rNeg     . . .     Faith    .   b - +0 scale mail
rPois    .         Spirit   .   (no helmet)
rElec    .         Reflect  .   (no cloak)
rCorr    .         Harm     .   (no gloves)
MR       .....                  (no boots)
Stlth    ..........             (no amulet)
HPRegen  0.04/turn              (no ring)
MPRegen  0.08/turn              (no ring)

@: no status effects
A: no striking features
a: no special abilities


You were on level 1 of the Dungeon.
You were not hungry.

You visited 1 branch of the dungeon, and saw 1 of its levels.

Inventory:

Hand Weapons
 a - a +0 long sword (weapon)
Armour
 b - a +0 scale mail (worn)
 c - a +0 shield (worn)
Potions
 d - a potion of might {!q}
Comestibles
 f - a ration
 g - 2 chunks of flesh


   Skills:
 - Level 2.4 Fighting
 - Level 2.0 Long Blades
 - Level 2.4 Armour
 + Level 0.0 Dodging
 - Level 2.4 Shields


You couldn't memorise any spells.
You didn't know any spells.

Dungeon Overview and Level Annotations

Branches:
Dungeon (1/15)

Altars:


Message History

You hit the hobgoblin.
The hobgoblin is heavily wounded.
The goblin hits you with a club. You block the hobgoblin's attack.
You block the hobgoblin's attack.
You closely miss the goblin. You block the goblin's attack.
The goblin barely misses you.
You hit the goblin.
The goblin is moderately wounded.
The goblin hits you but does no damage.
You miss the goblin.
The goblin is moderately wounded.
The goblin hits you but does no damage.
You hit the goblin.
The goblin is severely wounded.
The goblin hits you but does no damage.
You hit the goblin.
You kill the goblin!
You closely miss the hobgoblin.
The hobgoblin is heavily wounded.
You block the hobgoblin's attack.
You hit the hobgoblin.
You kill the hobgoblin!
Training target 2.0 for Long Blades reached!
Your Long Blades skill increases to level 2!
You need to enable at least one skill for training.
You start resting.
HP restored.
Things that are here:
a club x2; a goblin corpse No target in view!
You butcher the goblin corpse.
g - 2 chunks of flesh
Things that are here:
a club x2
Things that are here:
a club x2
A leopard gecko comes into view.
The leopard gecko hisses angrily.
Found a scroll labeled PEIXIC UKHET.
A hobgoblin comes into view.
Found a scroll labeled YTTAMP YTOLE.
There are monsters nearby!
There are monsters nearby!
You hit the leopard gecko but do no damage.
You block the leopard gecko's attack. The leopard gecko closely misses you.
You riposte.
You hit the leopard gecko.
The leopard gecko is lightly wounded.
You hit the leopard gecko.
The leopard gecko is moderately wounded.
The leopard gecko bites you but does no damage.
You hit the leopard gecko.
The leopard gecko is almost dead.
You block the leopard gecko's attack. The hobgoblin hits you.
The leopard gecko bites you.
* * * LOW HITPOINT WARNING * * *
You barely miss the leopard gecko.
The leopard gecko is almost dead.
The leopard gecko bites you but does no damage.
The hobgoblin barely misses you. You block the hobgoblin's attack.
The leopard gecko bites you.
* * * LOW HITPOINT WARNING * * *
You are too injured to fight recklessly!
The leopard gecko bites you.
You die...

#.# #.# .... ########.#
.... #......#.# ....
#.####.#.#.## ..# #.#
#.#.# ..# #?# #.#
#.#.###..
#.######.####.#...#..
####..l@...........#.#..
#....g####.........#.#..
#.....# #...........)..
#.....# #.........#.###
#.....# #........##....
#.....# #..............
#.....# #####........##
........ #........##
###....... #........##


You could see a leopard gecko and a hobgoblin.

Vanquished Creatures
  A goblin (D:1)
  A hobgoblin (D:1)
2 creatures vanquished.

Notes
Turn   | Place    | Note
-------+----------+-------------------------------------------
     0 | D:1      | Amnesiac the Deep Elf Fighter began the quest for the Orb.
     0 | D:1      | Reached XP level 1. HP: 13/13 MP: 3/3
    88 | D:1      | Slain by a leopard gecko

Vault maps used:
D:1:      giann_forest_graveyard

Skill      XL: |  1 |
---------------+----+-----
Long Blades    | 2 |  2.0
Fighting       | |  2.4
Armour         | |  2.4
Shields        | |  2.4

Action                   || total
-------------------------++-------
Melee: Long sword        ||    15
Armor: Scale mail        ||     7
Dodge: Dodged            ||     3
Block: Shield            ||     8
       Rpst.: Long sword ||     1

Table legend:
 A = Spawn XP
 B = Non-spawn XP
 C = Spawn XP percentage of total XP
 D = Spawn monster count
 E = Non-spawn monster count
 F = Spawn count percentage of total count
 G = Total turns spent on level
                    A         B        C        D         E        F      G
               +---------+---------+-------+---------+---------+-------+---------
         Total |       0 |       4 |   0.0 |       0 |       2 |   0.0 |    88
               +---------+---------+-------+---------+---------+-------+---------
           D:1 |       0 |       4 |   0.0 |       0 |       2 |   0.0 |    88
               +---------+---------+-------+---------+---------+-------+---------
